 Dungeon Crawl Stone Soup version 0.31-a0-836-g3ceb0a68c4 (webtiles) character file.

Game seed: 8714373694854262855

119 Hubris850 the Ruffian (level 4, -7/44 HPs)
             Began as a Troll Gladiator on Sept 26, 2023.
             Mangled by an iguana (10 damage)
             ... on level 3 of the Dungeon.
             The game lasted 00:04:24 (1515 turns).

Hubris850 the Ruffian (Troll Gladiator)             Turns: 1515, Time: 00:04:24

Health: -7/44      AC:  4    Str: 22    XL:     4   Next: 73%
Magic:  3/3        EV: 10    Int:  4    God:
Gold:   115        SH:  0    Dex: 13    Spells: 3/3 levels left

rFire   . .          .
                       - Unarmed
rCold   . . .        (no shield)
rNeg    . . .        a - +0 robe
rPois   +            b - +0 hat
rElec   .            (no cloak)
rCorr   .            (gloves unavailable)
SInv    .            (boots unavailable)
Will    .....        (no amulet) Stlth
                     j - ring of poison resistance
HPRegen 1.07/turn    (no ring)
MPRegen 0.08/turn

%: no passive effects
@: lethally poisoned (-7 -> -8), silenced
A: large, unfitting armour, claws 3, regeneration 1, shaggy fur 1, tough skin 1
a: no special abilities


You were on level 3 of the Dungeon.
You visited 1 branch of the dungeon, and saw 3 of its levels.

You collected 115 gold pieces.

Inventory:

Hand Weapons
 g - a +0 whip
Missiles
 c - 3 throwing nets (quivered)
 d - a large rock
 m - 5 datura-tipped darts
Armour
 a - a +0 robe (worn)
 b - a +0 hat (worn)
Jewellery
 j - a ring of poison resistance (left claw)
Talismans
 o - a blade talisman
 q - a flux talisman
Scrolls
 i - a scroll of teleportation {unknown}
 k - 2 scrolls of blinking {unknown}
Potions
 l - a potion of brilliance
 n - 2 potions of lignification
 p - a potion of haste
 r - 2 potions of ambrosia
 s - a potion of attraction


   Skills:
 + Level 2.4 Fighting
 + Level 2.6 Throwing
 + Level 3.1 Dodging
 + Level 3.8 Unarmed Combat


You had 3 spell levels left.
You didn't know any spells.
Your spell library contained the following spells:

 Spells                   Type           Power      Damage    Failure   Level
 Shock                    Conj/Air       0%         1d3       50%         1
 Cigotuvi's Dreadful Rot  Necr/Pois/Air  0%         N/A       65%         2
 Ignite Poison            Fire/Tmut/Pois 0%         N/A       86%         3
 Ozocubu's Armour         Ice            0%         N/A       86%         3
 Swiftness                Air            0%         N/A       86%         3
 Airstrike                Air            0%         2d(0-16)  99%         4
 Freezing Cloud           Conj/Ice/Air   0%         6-21      100%        5
 Ozocubu's Refrigeration  Ice            0%         4d7       100%        7


Dungeon Overview and Level Annotations

Branches:
Dungeon (3/15)

Altars:
Gozag
Qazlal

Shops:
D:3 :

Annotations:
D:3 Cancer's ghost, amateur GrEE


Innate Abilities, Weirdness & Mutations

You are too large for most types of armour.
You have claws for hands.
Your natural rate of healing is unusually fast.
You are covered in fur. (AC +1)
You have tough skin. (AC +1)


Message History

p - a potion of haste
As you read the scroll of identify, it crumbles to dust.
r - 2 potions of ambrosia
As you read the scroll of identify, it crumbles to dust.
s - a potion of attraction
As you read the scroll labelled ZUSOYZOSOR, it crumbles to dust.
A profound silence engulfs you.
It was a scroll of silence.
Magic scrolls do not work when you're silenced!
Press: ? - help, v - describe, . - travel
Here: Cancer's ghost, wielding a weapon of venom (silenced, fire blocked by a translucent stone wall)
The floor.
Unknown command.
You open the gate. You claw the ball python!
You kill the ball python!
The iguana bites you but does no damage.
You claw Cancer's ghost!
Cancer's ghost is moderately damaged.
Cancer's ghost hits you but does no damage.
The iguana barely misses you.
You barely miss Cancer's ghost.
Cancer's ghost is moderately damaged.
Cancer's ghost hits you. The iguana bites you!
You closely miss Cancer's ghost.
Cancer's ghost is moderately damaged.
The iguana bites you. Cancer's ghost hits you.
You are poisoned.
You claw Cancer's ghost!
Cancer's ghost is severely damaged.
You feel very sick. The iguana bites you. Cancer's ghost hits you!
* * * LOW HITPOINT WARNING * * *
You scratch Cancer's ghost.
Cancer's ghost is almost destroyed.
You feel sick. The iguana completely misses you. Cancer's ghost hits you.
* * * LOW HITPOINT WARNING * * *
You scratch Cancer's ghost.
Cancer's ghost is almost destroyed.
You feel sick. The iguana bites you!
You die...

*,*#.##.#*...,.## #...# #####
#,*#.##.#*,###########.###....
#.##.##.####.8∩8.##...........
#.......###∩$...$.#..#.###....
####.######8..8..8#..#.# #####
#.....####.$._..∩#..#.##
#.#.#.#####.....##.....#
#.#.#.######Wl'###..#..######
#,..#.####..@....#..#........
#.###...##.......#..#..#####.
#.....>.......##:###.......#.
#.#.......#..###.###.........
#.........#..................
###.......##########.#.......
##.....###########.#.......
##...############.....§§..
################....~.~~.


You could see an iguana and Cancer's ghost.

Vanquished Creatures
  3 gnolls (D:3)
  3 adders
  A worm (D:2)
  3 dart slugs
  7 ball pythons
  3 endoplasms
  A giant cockroach (D:3)
  2 goblins (D:1)
  4 hobgoblins
  6 jackals (D:1)
  4 bats
  3 frilled lizards
  10 kobolds
  4 rats
54 creatures vanquished.

Notes
Turn   | Place    | Note
-------+----------+-------------------------------------------
     0 | D:1      | Hubris850 the Troll Gladiator began the quest for the Orb.
     0 | D:1      | Reached XP level 1. HP: 19/19 MP: 0/0
   125 | D:1      | Reached XP level 2. HP: 28/28 MP: 1/1
   431 | D:1      | Reached XP level 3. HP: 32/35 MP: 2/2
  1068 | D:3      | Reached XP level 4. HP: 35/42 MP: 3/3
  1105 | D:3      | Found a stormy altar of Qazlal.
  1266 | D:3      | Found Deuckecu's Book Shop.
  1495 | D:3      | Found a runed translucent gate.
  1496 | D:3      | Found a runed translucent gate.
  1496 | D:3      | Found a runed translucent gate.
  1497 | D:3      | Found an opulent altar of Gozag.
  1499 | D:3      | Noticed Cancer's ghost (amateur GrEE)
  1515 | D:3      | Mangled by an iguana

Illustrated notes

Levels and vault maps discovered:
D:1:      dpeg_arrival_tiny_a, layout_basic, lexackson_kobold_supper
D:2:      layout_basic
D:3:      layout_loops_cross, nicolae_qazlal_scattered_showers,
          ebering_ghost_gozag, serial_shops, shop_fountains,
          reono_crystal_passage

Skill      XL: |  1  2  3  4 |
---------------+-------------+-----
Throwing       | 2 |  2.6
Fighting       | 2 |  2.4
Dodging        | 3 |  3.1
Unarmed Combat | |  3.8

Action                     |  1- 3 |  4- 6 || total
---------------------------+-------+-------++-------
  Melee: Unarmed           |    89 |    47 ||   136
         Punch             |     1 |       ||     1
    Use: Scroll            |       |     7 ||     7
 Armour: Robe              |    51 |    28 ||    79
  Dodge: Dodged            |    39 |    25 ||    64

Table legend: (Time is in decaauts)
 A = Elapsed time spent in this place.
 B = Non-inter-level travel time spent in this place.
 C = Inter-level travel time spent in this place.
 D = Time resting spent in this place.
 E = Time spent auto-exploring this place.
 F = Levels seen in this place.
 G = Mean time per level.
                   A        B        C        D        E       F      G
               +--------+--------+--------+--------+--------+-----+--------+
         Total |   1505 |   1477 |     28 |      0 |   1149 |   3 |  501.7 |
       Dungeon |   1505 |   1477 |     28 |      0 |   1149 |   3 |  501.7 |
               +--------+--------+--------+--------+--------+-----+--------+

Top non-repeatable levels by time:
     D:1: 527 daAuts
     D:2: 527 daAuts
     D:3: 450 daAuts
